 Dungeon Crawl Stone Soup version 0.28-b1-25-g9875b3fc8c (webtiles) character file.

Game seed: 12892444615842553976

650 Atelerd the Digger (level 7, -4/41 HPs)
             Began as an Octopode Earth Elementalist on Feb 2, 2022.
             Slain by a gnoll (13 damage)
             ... on level 4 of the Dungeon.
             The game lasted 00:04:23 (5084 turns).

Atelerd the Digger (Octopode Earth Elementalist)    Turns: 5084, Time: 00:04:23

Health: -4/41      AC:  1    Str:  8    XL:     7   Next: 53%
Magic:  4/14       EV: 13    Int: 19    God:
Gold:   121        SH:  0    Dex: 12    Spells: 10/15 levels left

rFire   . . .      SeeInvis .   d - +2 dagger (venom)
rCold   . . .      Faith    .   (no shield)
rNeg    . . .      Spirit   .   (helmet restricted)
rPois   .          Reflect  .   (no amulet)
rElec   .          Harm     .   (no ring)
rCorr   .          Rampage  .   (no ring)
Will    .....                   (no ring)
Stlth   ++++......              (no ring)
HPRegen 0.13/turn               (no ring)
MPRegen 0.14/turn               (no ring)
                                (no ring)
                                (no ring)

@: no status effects
A: almost no armour, amphibious, 8 rings, camouflage 1, gelatinous body 1,
(nimble swimmer 1), tentacles
a: no special abilities


You were on level 4 of the Dungeon.
You visited 1 branch of the dungeon, and saw 4 of its levels.

You collected 121 gold pieces.

Inventory:

Hand Weapons
 c - a +0 dagger
 d - a +2 dagger of venom (weapon)
Missiles
 b - 100 stones
Jewellery
 h - a ring of magical power
 l - an amulet of faith
Wands
 n - a wand of charming (13)
 o - a wand of iceblast (9)
Scrolls
 f - 3 scrolls of identify {unknown}
 g - a scroll of enchant weapon {unknown}
 j - a scroll of holy word {unknown}
 k - a scroll of teleportation {unknown}
Potions
 a - 3 potions of curing {unknown}
 e - a potion of magic {unknown}
 i - a potion of degeneration {unknown}
 m - a potion of flight {unknown}


   Skills:
 - Level 2.0 Dodging
 - Level 5.0 Stealth
 + Level 4.6 Spellcasting
 - Level 3.0 Transmutations
 + Level 5.6 Earth Magic


You had 10 spell levels left.
You knew the following spells:

 Your Spells              Type           Power      Damage    Failure   Level
a - Sandblast             Erth           50%        2d12      1%          1
p - Petrify               Tmut/Erth      20%        N/A       22%         4

Your spell library contained the following spells:

 Spells                   Type           Power      Damage    Failure   Level
 Passwall                 Tmut/Erth      16%        N/A       3%          2
 Stone Arrow              Conj/Erth      30%        3d8       12%         3
 Magic Dart               Conj           16%        1d3       13%         1
 Summon Small Mammal      Summ           16%        N/A       13%         1
 Ensorcelled Hibernation  Hex/Ice        8%         N/A       21%         2
 Searing Ray              Conj           8%         2d4       21%         2
 Spider Form              Tmut/Pois      10%        N/A       22%         3
 Call Canine Familiar     Summ           4%         N/A       36%         3
 Summon Guardian Golem    Hex/Summ       4%         N/A       36%         3
 Anguish                  Hex/Necr       2%         N/A       78%         4
 Fulminant Prism          Conj/Hex       2%         3d6       78%         4


Dungeon Overview and Level Annotations

Branches:
Dungeon (4/15)
 Temple: D:4-7

Altars:
The Shining One

Shops:
D:1 [   D:2 *

Annotations:
D:2 exclusion: downstairs
D:3 exclusion: downstairs


Innate Abilities, Weirdness & Mutations

You cannot wear most types of armour.
You are amphibious.
You can wear up to eight rings at the same time.
Your skin changes colour to match your surroundings (Stealth+).
Your rubbery body absorbs attacks. (AC +1, EV +1)
((You are camouflaged when in or above water. (Stealth+)))
You have tentacles for arms and can constrict up to eight enemies at once.


Message History

You open the door.
There is an open door here.
o - a wand of iceblast (9)
You open the door. 3 gnolls come into view.
A gnoll is wielding a +2 whip of electrocution.
The gnoll shouts!
The gnoll moves out of view.
There are monsters nearby!
There are monsters nearby!
A gnoll comes into view. It is wielding a +0 halberd.
There is an open door here.
The blast of sand hits the gnoll.
The gnoll is heavily wounded.
The gnoll shouts! x2
The blast of sand hits the gnoll!
You kill the gnoll!
The blast of sand hits the gnoll!
You kill the gnoll!
The gnoll closely misses you.
The blast of sand hits the gnoll!
The gnoll is almost dead.
The gnoll misses you.
The blast of sand misses the gnoll.
The gnoll barely misses you.
The blast of sand misses the gnoll.
The gnoll hits you with a +0 flail!
The blast of sand hits the gnoll!
The gnoll is severely wounded.
The gnoll closely misses you.
The blast of sand hits the gnoll but does no damage.
The gnoll is severely wounded.
The gnoll barely misses you.
The blast of sand hits the gnoll but does no damage.
The gnoll is severely wounded.
The gnoll hits you from afar with a +0 halberd!
The blast of sand hits the gnoll.
The gnoll is severely wounded.
The gnoll hits you from afar with a +0 halberd!
* * * LOW HITPOINT WARNING * * *
The gnoll hits you with a +0 flail!
You die...

#.....####....#
#.....#..#....#
#.....#..#....#
#.....#..#....# #..
#..g..#..#....# #..
#..)..#..#....######..
##g###..##+#.........
#...g......'.........
+...@......#.........
######.....#.........
#.....#.........
#.....#....#####
#.....#....+....
#.....#....#....
##...##....#..##
#.....#+###
#.....#....


You could see 2 gnolls.

Vanquished Creatures
  Edmund (D:4)
  An ice beast (D:4)
  2 necrophages
  A jelly (D:4)
  A centaur zombie (D:3)
  Jessica (D:3)
  Terence (D:2)
  A hound skeleton (D:4)
  Robin (D:3)
  5 gnolls
  3 adders (D:3)
  A worm (D:3)
  A dart slug (D:2)
  3 endoplasms (D:2)
  3 giant cockroaches (D:2)
  7 hobgoblins
  5 kobolds
  2 quokkas
  3 ball pythons
  4 bats
  4 frilled lizards
  18 goblins
  A rat (D:2)
70 creatures vanquished.

Notes
Turn   | Place    | Note
-------+----------+-------------------------------------------
     0 | D:1      | Atelerd the Octopode Earth Elementalist began the quest for
                  | the Orb.
     0 | D:1      | Reached XP level 1. HP: 11/11 MP: 3/3
   274 | D:1      | Found Qidghuniq's Antique Armour Emporium.
   326 | D:1      | Reached XP level 2. HP: 17/17 MP: 1/5
  1159 | D:2      | Noticed Terence
  1184 | D:2      | Killed Terence
  1185 | D:2      | Reached XP level 3. HP: 11/21 MP: 4/6
  1633 | D:2      | Found Ecvapluw's General Store.
  1643 | D:2      | Found a glowing golden altar of the Shining One.
  1805 | D:2      | Noticed a necrophage
  1813 | D:2      | Killed a necrophage
  1814 | D:2      | Reached XP level 4. HP: 15/27 MP: 2/8
  1814 | D:2      | Reached XP level 5. HP: 18/31 MP: 2/9
  2395 | D:3      | Noticed Jessica
  2402 | D:3      | Killed Jessica
  2661 | D:3      | Found a faded altar of an unknown god.
  2731 | D:3      | Noticed Robin
  2744 | D:3      | Reached XP level 6. HP: 33/36 MP: 7/11
  2995 | D:3      | Killed Robin
  3606 | D:3      | Learned a level 4 spell: Petrify
  4286 | D:4      | Noticed Edmund
  4600 | D:4      | Noticed a necrophage
  4601 | D:4      | Killed Edmund
  4602 | D:4      | Reached skill level 5 in Earth Magic
  4607 | D:4      | Killed a necrophage
  4608 | D:4      | Reached XP level 7. HP: 24/41 MP: 1/13
  4845 | D:4      | Reached skill level 5 in Stealth
  5084 | D:4      | Slain by a gnoll

Illustrated notes

Levels and vault maps discovered:
D:1:      dpeg_arrival_shelter, layout_basic, serial_shops, shop,
          minmay_strange_pillars
D:2:      layout_basic, serial_shops, nicolae_shop_statue_plus, basic_altar,
          uniq_terence
D:3:      layout_loops_corners, shapermc_ecumenical_altar_mp_urbaneastern,
          uniq_jessica, uniq_robin
D:4:      layout_gridville, nicolae_specific_store, nicolae_stop_n_shop_2,
          corexii_leaking_fountain, uniq_eustachio, uniq_edmund

Skill      XL: |  1  2  3  4  5  6  7 |
---------------+----------------------+-----
Spellcasting   | 3 4 |  4.6
Transmutations | 2 3 |  3.0
Earth Magic    | 4 5 |  5.6
Stealth        | 4 5 |  5.0
Dodging        | |  2.0

Action                   |  1- 3 |  4- 6 |  7- 9 || total
-------------------------+-------+-------+-------++-------
Melee: Dagger            |    33 |    56 |     8 ||    97
       Constrict         |    10 |    14 |     1 ||    25
       Unarmed           |     2 |       |       ||     2
       Tentacles         |     6 |    15 |     1 ||    22
       Punch             |     1 |       |       ||     1
 Cast: Sandblast         |    15 |    31 |    12 ||    58
       Petrify           |       |     2 |       ||     2
 Stab: Sleeping          |    12 |     5 |     3 ||    20
       Petrified         |       |    10 |       ||    10
Armor: Skin              |     5 |     4 |     2 ||    11
Dodge: Dodged            |    23 |    35 |     8 ||    66
